 Dungeon Crawl Stone Soup version 0.31-a0-321-g19405a7a6a (webtiles) character file.

Game seed: 5685403181167789974

114 LustLizard the Ruffian (level 4, 0/30 HPs)
             Began as an Octopode Shapeshifter on July 18, 2023.
             Shot with a sling bullet by a goblin (3 damage)
             ... on level 3 of the Dungeon.
             The game lasted 00:02:43 (1733 turns).

LustLizard the Ruffian (Octopode Shapeshifter)      Turns: 1733, Time: 00:02:44

Health: 0/30       AC:  1    Str: 16    XL:     4   Next: 97%
Magic:  0/4        EV: 13    Int: 10    God:
Gold:   132        SH:  0    Dex: 12    Spells: 3/3 levels left

rFire   . .          .
                       - Unarmed
rCold   . . .        (no shield)
rNeg    . . .        (helmet currently unavailable)
rPois   .            k - amulet of guardian spirit
rElec   .            (no ring)
rCorr   .            (no ring)
SInv    .            (no ring)
Will    .....        (no ring)
Stlth   ++           (no ring)
HPRegen 0.25/turn    (no ring)
MPRegen 0.09/turn    (no ring)
                     (no ring)

%: guardian spirit
@: beast-form
A: beast (slay +2), almost no armour, amphibious, 8 rings, camouflage 1,
gelatinous body 1, (nimble swimmer 1), tentacles
a: Begin Untransformation


You were on level 3 of the Dungeon.
You were a hulking beast.
You visited 1 branch of the dungeon, and saw 3 of its levels.

You collected 132 gold pieces.

Inventory:

Jewellery
 k - an amulet of guardian spirit (around mantle)
 l - a ring of fire
Talismans
 b - a beast talisman
 h - a serpent talisman
Scrolls
 d - 3 scrolls of identify
 f - 2 scrolls of immolation {unknown}
 g - a scroll of brand weapon {unknown}
 i - a scroll of noise {unknown}
Potions
 a - a potion of lignification
 c - a potion of curing
 e - a potion of degeneration {unknown}
 j - a potion of heal wounds {unknown}


   Skills:
 + Level 2.9 Fighting
 - Level 2.0 Dodging
 * Level 3.8 Unarmed Combat
 + Level 3.4 Shapeshifting


You had 3 spell levels left.
You didn't know any spells.
Your spell library contained the following spells:

 Spells                   Type           Power      Damage    Failure   Level
 Foxfire                  Conj/Fire      0%         2x1d4     36%         1
 Plasma Beam              Fire/Air       0%         2x1d10    100%        6
 Starburst                Conj/Fire      0%         6d3       100%        6


Dungeon Overview and Level Annotations

Branches:
Dungeon (3/15)

Altars:
Okawaru

Annotations:
D:3 exclusion: water moccasin


Innate Abilities, Weirdness & Mutations

You are a hulking beast.
Your limbs bulge with bestial killing power. (Slay +2)
You cannot wear most types of armour.
You are amphibious.
You can wear up to eight rings at the same time.
Your skin changes colour to match your surroundings (Stealth+).
Your rubbery body absorbs attacks. (AC +1, EV +1)
((You are camouflaged when in or above water. (Stealth+)))
You have tentacles for arms and can constrict up to eight enemies at once.


Message History

The bat misses you. The bat hits you but does no damage.
The hobgoblin barely misses you. The hobgoblin attacks as you move away!
The hobgoblin hits you.
* * * LOW HITPOINT WARNING * * *
The bat attacks as you move away! The bat hits you.
You feel sick. The bat hits you.
* * * LOW HITPOINT WARNING * * *
You feel better. The bat misses you.
You tentacle-slap the hobgoblin. You grab the hobgoblin.
You squeeze the hobgoblin.
You kill the hobgoblin!
The bat hits you but does no damage. The adder closely misses you.
You tentacle-slap the adder. Your grab misses the adder.
The adder is heavily wounded.
The adder bites you.
You tentacle-slap the adder.
You kill the adder!
The bat misses you.
The goblin unwields a +0 dagger.
The goblin wields a +0 sling.
The goblin shoots a sling bullet.
The sling bullet barely misses you.
You bludgeon the adder! You grab the adder.
The adder is heavily wounded.
You constrict the adder. The adder closely misses you.
You tentacle-slap the adder.
You kill the adder!
The bat barely misses you.
The goblin shoots a sling bullet.
The sling bullet hits you.
* * * LOW HITPOINT WARNING * * *
You barely miss the bat. Your grab misses the bat. You squeeze the bat.
You kill the bat!
The goblin shoots a sling bullet.
The sling bullet hits you.
* * * LOW HITPOINT WARNING * * *
You bludgeon the orc!
You kill the orc!
The goblin shoots a sling bullet.
The sling bullet closely misses you.
You tentacle-slap the dart slug. You grab the dart slug.
The dart slug is heavily wounded.
You constrict the dart slug.
The goblin shoots a sling bullet.
The sling bullet hits you.
You die...

...........^## #..)<.
........###.<####.....
#.#####.###....##.....
#.####................
#.##...######...#.....
#....###....###.......
#.#.##g..=....##......
#...#.w...###..#......
#..##h##.)..##.##.....
#..#..#..w?..#..#.....
#..#..#.?##?.#..#.....
#..#..#$$# [.#........
#..#..#..[ ..#........
#..##.##.. ##.......#
#...#..######.....####
#...##....).)....## #
###..###....###..# #


You could see a dart slug and a goblin.

Vanquished Creatures
  4 adders (D:3)
  2 worms
  A dart slug (D:3)
  3 orcs (D:3)
  5 endoplasms
  8 goblins
  10 hobgoblins
  6 kobolds
  3 quokkas
  5 ball pythons
  8 bats
  6 frilled lizards
  3 rats (D:1)
64 creatures vanquished.

Notes
Turn   | Place    | Note
-------+----------+-------------------------------------------
     0 | D:1      | LustLizard the Octopode Shapeshifter began the quest for
                  | the Orb.
     0 | D:1      | Reached XP level 1. HP: 14/14 MP: 1/1
    92 | D:1      | Reached XP level 2. HP: 19/19 MP: 2/2
   418 | D:1      | Reached XP level 3. HP: 25/25 MP: 3/3
  1315 | D:3      | Reached XP level 4. HP: 30/30 MP: 4/4
  1420 | D:3      | Found an iron altar of Okawaru.
  1647 | D:3      | Noticed a water moccasin
  1733 | D:3      | Shot with a sling bullet by a goblin

Illustrated notes

Levels and vault maps discovered:
D:1:      dpeg_arrival_shrine, layout_basic, solitary_fountain
D:2:      layout_basic, nicolae_titane
D:3:      cheibrodos_old_hovel, layout_rooms, lemuel_tele_altar,
          minmay_randomly_rotated_circles

Skill      XL: |  1  2  3 |
---------------+----------+-----
Unarmed Combat | 3 |  3.8
Fighting       | |  2.9
Dodging        | |  2.0
Shapeshifting  | |  3.4

Action                     |  1- 3 |  4- 6 || total
---------------------------+-------+-------++-------
  Melee: Unarmed           |    63 |    37 ||   100
         Constrict         |    14 |    13 ||    27
         Tentacles         |    10 |     8 ||    18
         Punch             |       |     1 ||     1
    Use: Scroll            |     1 |       ||     1
         Potion            |       |     1 ||     1
   Stab: Sleeping          |    11 |     3 ||    14
 Armour: Skin              |     4 |     5 ||     9
  Dodge: Dodged            |    25 |    28 ||    53

Table legend: (Time is in decaauts)
 A = Elapsed time spent in this place.
 B = Non-inter-level travel time spent in this place.
 C = Inter-level travel time spent in this place.
 D = Time resting spent in this place.
 E = Time spent auto-exploring this place.
 F = Levels seen in this place.
 G = Mean time per level.
                   A        B        C        D        E       F      G
               +--------+--------+--------+--------+--------+-----+--------+
         Total |   1727 |   1697 |     30 |      0 |   1377 |   3 |  575.7 |
       Dungeon |   1727 |   1697 |     30 |      0 |   1377 |   3 |  575.7 |
               +--------+--------+--------+--------+--------+-----+--------+

Top non-repeatable levels by time:
     D:2: 801 daAuts
     D:1: 497 daAuts
     D:3: 428 daAuts
